 Dungeon Crawl Stone Soup version 0.31-a0-1008-g5b978dac0e (webtiles) character file.

Game seed: 10053162283232900859

118509 Queen the Covert (level 15, -1/126 HPs)
             Began as a Demonspawn Necromancer on Nov 13, 2023.
             Was the Champion of Jiyva.
             Slain by a white very ugly thing (51 damage)
             ... on level 1 of the Depths on Nov 14, 2023.
             The game lasted 01:45:51 (27191 turns).

Queen the Covert (Demonspawn Necromancer)          Turns: 27191, Time: 01:45:51

Health: -1/126     AC: 10    Str:  8    XL:     15   Next: 94%
Magic:  27/29      EV: 24    Int: 38    God:    Jiyva [******]
Gold:   691        SH:  0    Dex: 18    Spells: 5/35 levels left

rFire   . . .        b - +5 long sword of In Flagrante Delicto {flame, Fly Str-4 Int+3 Dex+4}
rCold   . . .        i - orb {light}
rNeg    . . .        w - +0 troll leather armour
rPois   .            (helmet restricted)
rElec   .            v - +2 cloak of the Morning {Dex+3}
rCorr   +            x - +0 pair of gloves
SInv    .            c - +0 pair of boots
Will    ++...        D - amulet of regeneration
Stlth   ++           J - +6 ring of intelligence
HPRegen 3.61/turn    r - ring of willpower
MPRegen 0.71/turn

%: no passive effects
@: agile, radiating poison, flying, glowing
A: antennae 1, slimy green scales 2, powered by pain 2, clever 2, sense
surroundings 3, robust 1, strong 1, acidic bite, eyeballs 1, gelatinous body 1,
pseudopods 3, engulf
}: 1/15 runes: slimy
a: Renounce Religion, Oozemancy, Slimify


You were on level 1 of the Depths.
You worshipped Jiyva.
Jiyva was exalted by your worship.
You visited 5 branches of the dungeon, and saw 28 of its levels.
You also visited: Ossuary.

You collected 1482 gold pieces.
You spent 791 gold pieces at shops.

Inventory:

Hand Weapons
 a - the +6 dagger "Ruaser" {antimagic, rF+ Int+4 SInv}
   (You found it on level 9 of the Dungeon)

   Int+4:     It affects your intelligence (+4).
   rF+:       It protects you from fire.
   SInv:      It lets you see invisible.
 b - the +5 long sword of In Flagrante Delicto (weapon) {flame, Fly Str-4 Int+3 Dex+4}
   (You found it on level 15 of the Dungeon)

   Str-4:     It affects your strength (-4).
   Int+3:     It affects your intelligence (+3).
   Dex+4:     It affects your dexterity (+4).
   Fly:       It grants you flight.
Missiles
 p - a throwing net
Armour
 c - a +0 pair of boots (worn)
 i - an orb of light (worn)
 l - a +2 helmet
 v - the +2 cloak of the Morning (worn) {Dex+3}
   (You found it on level 9 of the Dungeon)

   Dex+3:     It affects your dexterity (+3).
 w - a +0 troll leather armour (worn)
 x - a +0 pair of gloves (worn)
 S - a +2 robe of cold resistance
Jewellery
 g - a +4 ring of protection
 k - a ring of willpower
 q - a ring of magical power
 r - a ring of willpower (right hand)
 D - an amulet of regeneration (around neck)
 J - a +6 ring of intelligence (left hand)
 K - a ring of ice
Wands
 f - a wand of iceblast (21)
 n - a wand of polymorph (12)
 o - a wand of flame (26)
 y - a wand of mindburst (9)
 z - a wand of quicksilver (1)
 M - a wand of charming (11)
Scrolls
 d - 4 scrolls of enchant armour
 e - a scroll of amnesia
 j - 4 scrolls of noise
 m - 3 scrolls of poison
 t - 4 scrolls of enchant weapon
 B - 3 scrolls of teleportation
 C - a scroll of blinking {unknown}
 F - a scroll of fear
 H - 3 scrolls of revelation {unknown}
 I - a scroll of brand weapon {unknown}
 Q - 3 scrolls of vulnerability {unknown}
 T - 3 scrolls of identify {@r1}
 U - a scroll of summoning {unknown}
 X - a scroll of immolation {unknown}
Potions
 h - 4 potions of heal wounds
 s - a potion of might
 u - 5 potions of lignification
 A - 4 potions of mutation
 E - a potion of cancellation
 G - a potion of haste
 L - 2 potions of berserk rage
 N - 2 potions of curing
 O - a potion of brilliance
 P - 3 potions of attraction
 R - 4 potions of enlightenment
 V - a potion of invisibility {unknown}
 W - a potion of magic


   Skills:
 - Level 10.0 Fighting
 - Level 10.0 Short Blades
 - Level 12.0 Dodging
 + Level 13.0 Stealth
 + Level 10.8 Spellcasting
 + Level 4.6 Summonings
 - Level 12.0 Necromancy
 + Level 8.9 Poison Magic


You had 5 spell levels left.
You knew the following spells:

 Your Spells              Type           Power      Damage    Failure   Level
a - Necrotise             Necr           100%       1d9       1%          1
b - Vampiric Draining     Necr           84%        2d12      1%          3
c - Animate Dead          Necr           84%        N/A       1%          4
d - Olgreb's Toxic Radia  Pois           73%        N/A       1%          4
e - Poisonous Vapours     Pois/Air       100%       N/A       1%          2
f - Agony                 Necr           84%        N/A       1%          5
g - Blink                 Tloc           40%        N/A       4%          2
h - Haunt                 Necr/Summ      35%        N/A       58%         7
i - Sublimation of Blood  Necr           84%        N/A       1%          2

Your spell library contained the following spells:

 Spells                   Type           Power      Damage    Failure   Level
 Sting                    Tmut/Pois      100%       1d8       1%          1
 Freeze                   Ice            80%        1d9       2%          1
 Shock                    Conj/Air       80%        1d8       2%          1
 Lesser Beckoning         Tloc           40%        N/A       4%          2
 Momentum Strike          Conj/Tloc      40%        3d9       4%          2
 Scorch                   Fire           40%        2d6       4%          2
 Dazzling Flash           Conj/Hex       40%        N/A       9%          3
 Swiftness                Air            20%        N/A       9%          3
 Volatile Blastmotes      Fire/Tloc      40%        2d13      9%          3
 Airstrike                Air            10%        2d(2-18)  26%         4
 Flame Wave               Conj/Fire      20%        2d7       26%         4
 Petrify                  Tmut/Erth      20%        N/A       26%         4
 Summon Forest            Summ/Tloc      19%        N/A       28%         5
 Summon Mana Viper        Hex/Summ       38%        N/A       28%         5
 Irradiate                Conj/Tmut      10%        3d15      58%         5
 Metabolic Englaciation   Hex/Ice        10%        N/A       58%         5
 Yara's Violent Unravell  Hex/Tmut       10%        3d6       58%         5
 Summon Cactus Giant      Summ           27%        N/A       52%         6
 Infestation              Necr           42%        N/A       78%         8
 Starburst                Conj/Fire      10%        6d5       99%         6
 Maxwell's Capacitive Co  Air            10%        ∞         100%        8
 Dragon's Call            Summ           27%        N/A       100%        9


Dungeon Overview and Level Annotations

Branches:
Dungeon (15/15)            Temple (0/1) D:4            Lair (5/5) D:8
 Shoals (0/4) Lair:3       Spider (0/4) Lair:3        Slime (5/5) Lair:5
    Orc (2/2) D:10            Elf (0/3) Orc:2        Vaults (0/5) D:14
 Depths (1/4) D:15        Ossuary (visited)

Altars:
Ashenzari
Gozag
Hepliaklqana
Okawaru
Qazlal
Wu Jian
Xom
Yredelemnul
Jiyva

Shops:
D:4 ?   Orc:2 :::*

Annotations:
D:4 exclusion: downstairs
D:7 3 runed translucent doors, mojasp's ghost, novice OpSh
D:9 exclusion: downstairs
Lair:1 exclusion: downstairs
Slime:5 Royal Jelly


Innate Abilities, Weirdness & Mutations

You have a pair of small antennae on your head.
You are mostly covered in slimy green scales. (AC +3)
You sometimes gain power by taking damage.
Your mind is very acute. (Int +8, Str/Dex -2)
You passively map a large area around you.
You are robust. (+10% HP)
Your muscles are strong. (Str +4, Int/Dex -1)
You have acidic saliva.
Your body has grown eyes which may confuse attackers. (Acc +3)
Your rubbery body absorbs attacks. (AC +1, EV +1)
Armour fits poorly on your massive pseudopods.
Your melee attacks may engulf your foes in ooze.


Message History

You hear a distant slurping noise.
You hear a splatter.
You hear a distant slurping noise.
You hear a distant slurping noise.
You swap places.
You swap places.
You swap places.
You swap places.
You reach down and open the door.
A white very ugly thing comes into view.
A white very ugly thing is nearby!
There is an open door here.
A white very ugly thing comes into view.
The white very ugly thing gurgles horribly!
A white very ugly thing comes into view.
The white very ugly thing gurgles horribly!
You slash the white very ugly thing! You burn the white very ugly thing.
The white very ugly thing is lightly wounded.
The white very ugly thing completely misses you.
Casting: Olgreb's Toxic Radiance (mildly dangerous; 1% risk of failure)
Confirm with . or Enter, or press ? or * to list all spells.
You begin to radiate toxic energy.
The white very ugly thing is poisoned. x3
The white very ugly thing looks even sicker. x2
The white very ugly thing engulfs you. The white very ugly thing freezes you!!
You focus on the pain.
You feel more agile all of a sudden.
You slash the white very ugly thing! You burn the white very ugly thing.
The white very ugly thing is heavily wounded.
The white very ugly thing looks even sicker.
The white very ugly thing completely misses you.
You hit the white very ugly thing. You burn the white very ugly thing.
The white very ugly thing is lightly wounded.
The white very ugly thing looks even sicker.
The white very ugly thing tentacle-slaps you!
The white very ugly thing freezes you!!
Your deep troll zombie closely misses the white very ugly thing. x2
Your deep troll zombie claws the white very ugly thing!
The white very ugly thing engulfs you!
The white very ugly thing freezes you!!!
You die...

....# ,, , * .##.#
#........ , * .##.#
#........ , .##.#######
###........ .ZZZ......#
#.......... * ###Z####..#
#.......... ,*
###.####..# #.......... ,
, *
ZZZZ..Z...####.ZZu......
,
###Z####.ZZ.ZZ..@u.u....,
###.# #..####..........
,,, .Z..# #..#
#.......... * ##### ####
#.......... , #..........
* #.......... ,*
########### *


You could see 3 very ugly things, a friendly spriggan air mage zombie, a
friendly merfolk javelineer zombie, 2 friendly deep troll zombies and 2 friendly
deep troll shaman zombies.

Vanquished Creatures
  A stone giant (Depths:1)
  A dire elephant (D:15)
  A merfolk impaler (Depths:1)
  A fire dragon (D:12)
  3 rakshasas
  6 hydras
  7 vault guards (D:14)
  Fannar (Orc:1)
  2 centaur warriors
  A spriggan air mage (Depths:1)
  4 ogre magi (Orc:2)
  9 two-headed ogres
  A tengu warrior (D:15)
  A death yak (Lair:4)
  A deep troll shaman (Depths:1)
  A spriggan berserker (Depths:1)
  Lodul (D:11)
  6 deep trolls (Depths:1)
  An iron troll (Depths:1)
  A lindwurm (Lair:4)
  A harpy (shapeshifter) (D:15)
  2 orc knights
  A deep elf pyromancer (D:14)
  A salamander (D:15)
  11 ugly things
  3 orc sorcerers
  3 cyclopes
  3 manticores
  A merfolk siren (Lair:3)
  7 elephants
  2 black mambas
  Joseph (D:8)
  15 cane toads
  5 komodo dragons
  A gargoyle (D:12)
  A rime drake (Lair:5)
  A torpor snail (Lair:3)
  An unseen horror (shapeshifter) (D:13)
  A kobold demonologist (D:9)
  2 unseen horrors (D:12)
  2 freezing wraiths
  A komodo dragon (shapeshifter) (D:14)
  A tengu conjurer (D:15)
  3 merfolk (Lair:3)
  6 trolls
  4 tyrant leeches (Lair:5)
  3 hornets
  A shadow dragon simulacrum (Depths:1)
  2 polar bears
  41 blink frogs
  A dream sheep (Lair:3)
  2 shadows
  A culicivora (Lair:3)
  A spriggan (Depths:1)
  7 wyverns
  56 yaks
  A basilisk (shapeshifter) (D:14)
  4 basilisks
  A redback (Lair:3)
  3 wargs
  10 vampire mosquitoes
  2 acid dragons
  A merfolk zombie (Lair:3)
  9 water moccasins
  2 black bears
  11 orc warriors
  2 elephant zombies (Lair:5)
  18 ogres
  A wolf (D:9)
  4 centaurs
  11 bullfrogs
  2 kobold brigands
  A scorpion (D:3)
  8 wights
  2 killer bees (D:9)
  A yak zombie (Lair:3)
  2 electric eels (D:11)
  3 howler monkeys
  3 hounds
  8 orc priests
  A sleepcap (D:7)
  2 iguanas
  7 orc wizards
  A mummy (Ossuary)
  An adder (D:2)
  2 white imps (D:6)
  6 ufetubi (D:6)
  5 dart slugs
  33 orcs
  A spectral bat (Ossuary)
  9 ball pythons
  4 bats
  An endoplasm (D:1)
  A giant cockroach (D:1)
  6 gnoll zombies (Ossuary)
  11 goblins
  6 hobgoblins
  14 kobolds
  2 quokkas
  2 bat simulacra (Ossuary)
  5 frilled lizards
  2 goblin simulacra (Ossuary)
  4 goblin zombies (Ossuary)
  4 hobgoblin zombies (Ossuary)
  4 kobold simulacra (Ossuary)
  7 kobold zombies (Ossuary)
  2 orc zombies (Ossuary)
  2 rats
  2 rat simulacra (Ossuary)
  5 spectral kobolds (Ossuary)
  4 spectral rats (Ossuary)
511 creatures vanquished.

Vanquished Creatures (collateral kills)
  Louise (D:14)
  A merfolk javelineer (Depths:1)
  A vault guard (D:14)
  An ice dragon (Lair:4)
  A catoblepas (Lair:4)
  9 two-headed ogres
  A boulder beetle (D:11)
  A deep troll shaman (Depths:1)
  A deep troll (Depths:1)
  A frost giant zombie (Depths:1)
  3 ugly things
  Maurice (D:8)
  2 elephants
  A gargoyle (D:11)
  4 cane toads
  A rime drake (Lair:1)
  A komodo dragon (Lair:1)
  20 blink frogs
  2 dream sheep (Lair:3)
  A frost giant simulacrum (Depths:1)
  A wraith (D:13)
  17 yaks
  Grum (D:9)
  A wyvern (Lair:2)
  6 vampire mosquitoes
  2 water moccasins (Lair:4)
  6 orc warriors
  12 ogres
  A wolf (D:9)
  A gnoll sergeant (D:11)
  7 bullfrogs
  4 killer bees (D:9)
  2 howler monkeys (D:10)
  An electric eel (Lair:5)
  A gnoll bouda (Lair:3)
  An iguana (D:8)
  2 orc wizards (D:11)
  3 gnolls (D:11)
  A dart slug (D:5)
  7 orcs
  An endoplasm (D:3)
  3 hobgoblins
  4 kobolds (D:11)
139 creatures vanquished.

Vanquished Creatures (others)
  An orc knight (D:13)
  9 slime creatures
  A human zombie (D:14)
  Sigmund (D:3)
  3 yaks
  A vampire mosquito (D:13)
  9 two-headed ogre zombies (Orc:2)
  4 deep troll zombies (Depths:1)
  A merfolk zombie (Lair:3)
  2 cane toad zombies
  A black bear (D:5)
  A hornet zombie (Depths:1)
  2 centaurs (D:7)
  8 blink frog zombies
  An ogre (D:13)
  3 vampire mosquito zombies
  A kobold brigand (D:7)
  3 bullfrogs
  3 wyvern zombies
  A komodo dragon zombie (Lair:3)
  A scorpion (D:5)
  A water moccasin zombie (D:8)
  2 spriggan zombies (Depths:1)
  A warg zombie (Orc:1)
  A wight (D:9)
  13 yak zombies
  3 howler monkeys
  2 centaur zombies
  A wolf zombie (D:9)
  A hound (D:5)
  56 jellies
  6 bullfrog zombies
  A basilisk zombie (D:8)
  An orc priest (D:6)
  4 orc wizards
  8 ogre zombies
  An adder (D:5)
  An iguana zombie (D:8)
  11 orcs
  A quokka (D:3)
  A bat (D:3)
  7 gnoll zombies
  9 kobolds
  7 kobold zombies
  25 orc zombies
  A spectral goblin (Ossuary)
  3 spectral kobolds (Ossuary)
  A spectral rat (Ossuary)
226 creatures vanquished.

Grand Total: 876 creatures vanquished

Notes
Turn   | Place    | Note
-------+----------+-------------------------------------------
     0 | D:1      | Queen the Demonspawn Necromancer began the quest for the
                  | Orb.
     0 | D:1      | Reached XP level 1. HP: 13/13 MP: 3/3
    83 | D:1      | Reached skill level 2 in Stealth
   169 | D:1      | Gained mutation: You are partially covered in slimy green
                  | scales. (AC +2) [demonic ancestry]
   169 | D:1      | Reached XP level 2. HP: 19/19 MP: 1/5
   650 | D:1      | Reached XP level 3. HP: 24/24 MP: 3/6
  1065 | D:2      | Learned a level 2 spell: Sublimation of Blood
  1770 | D:3      | Found a faded altar of an unknown god.
  1905 | D:3      | Gained mutation: You have a pair of small antennae on your
                  | head. [demonic ancestry]
  1905 | D:3      | Reached XP level 4. HP: 6/30 MP: 0/8
  2115 | D:3      | Prayed at the altar of an unknown god.
  2115 | D:3      | Became a worshipper of Jiyva Jiroigum the Shapeless
  2115 | D:3      | Reached * piety under Jiyva
  2167 | D:3      | Reached skill level 5 in Necromancy
  2237 | D:3      | Killed Sigmund
  2300 | D:3      | Noticed a scorpion
  2312 | D:3      | Killed a scorpion
  2313 | D:3      | Reached skill level 3 in Stealth
  2313 | D:3      | Reached XP level 5. HP: 3/35 MP: 3/9
  2314 | D:3      | HP: 1/35 [poisoned by a scorpion]
  2364 | D:3      | Learned a level 3 spell: Vampiric Draining
  2369 | D:3      | Learned a level 4 spell: Animate Dead
  2526 | D:3      | Found a shimmering altar of Xom.
  2554 | D:3      | Found an iron altar of Okawaru.
  2860 | D:4      | Reached ** piety under Jiyva
  2871 | D:4      | Found Layff's Magic Scroll Boutique.
  2889 | D:4      | Bought a scroll of identify for 22 gold pieces
  2889 | D:4      | Bought a scroll of identify for 22 gold pieces
  2889 | D:4      | Bought a scroll of identify for 22 gold pieces
  2889 | D:4      | Bought a scroll of identify for 22 gold pieces
  2889 | D:4      | Bought a scroll of noise for 11 gold pieces
  2897 | D:4      | Found a staircase to the Ecumenical Temple.
  3003 | D:4      | Found a broken altar of Ashenzari.
  3428 | D:5      | Entered Level 5 of the Dungeon
  3428 | D:5      | Found a sand-covered staircase.
  3428 | D:5      | Reached *** piety under Jiyva
  3434 | Ossuary  | Entered an ossuary
  3681 | Ossuary  | Reached XP level 6. HP: 41/41 MP: 11/11
  4012 | D:5      | Noticed a yak
  4013 | D:5      | Noticed a yak
  4024 | D:5      | Noticed a yak
  4025 | D:5      | Noticed a yak
  4045 | D:4      | Killed a yak
  4088 | D:5      | Identified the +1 ring mail of the Bard {Rampage Str+2}
  4115 | D:5      | Reached skill level 4 in Stealth
  4115 | D:5      | Gained mutation: You sometimes gain a little power by
                  | taking damage. [demonic ancestry]
  4115 | D:5      | Reached XP level 7. HP: 38/46 MP: 3/12
  4304 | D:5      | Gained mutation: A frigid envelope surrounds you and
                  | freezes all who hurt you. [Jiyva's grace]
  4304 | D:5      | Gained mutation: You are covered in slimy tendrils that may
                  | disarm your opponents. [Jiyva's grace]
  4304 | D:5      | Gained mutation: You have acidic saliva. [Jiyva's grace]
  4304 | D:5      | Gained mutation: Your system is resistant to poisons.
                  | (rPois) [Jiyva's grace]
  4328 | D:5      | Noticed a yak
  5062 | D:5      | Killed a yak
  5074 | D:5      | Killed a yak
  5105 | D:5      | Killed a yak
  5110 | D:5      | Killed a yak
  5111 | D:5      | Reached skill level 5 in Stealth
  5111 | D:5      | Reached XP level 8. HP: 42/52 MP: 2/15
  6611 | D:6      | Reached skill level 5 in Spellcasting
  6722 | D:6      | Reached skill level 5 in Dodging
  7399 | D:7      | Killed a slime creature
  7483 | D:7      | Found a runed translucent gate.
  7580 | D:7      | Reached skill level 6 in Stealth
  7626 | D:7      | Reached skill level 1 in Short Blades
  7626 | D:7      | Gained mutation: You are mostly covered in slimy green
                  | scales. (AC +3) [demonic ancestry]
  7626 | D:7      | Reached XP level 9. HP: 57/57 MP: 12/17
  7632 | D:7      | Learned a level 5 spell: Agony
  7717 | D:7      | Reached **** piety under Jiyva
  7997 | D:7      | Found a runed translucent gate.
  7998 | D:7      | Found a runed translucent gate.
  7998 | D:7      | Noticed a centaur warrior
  7999 | D:7      | Found an opulent altar of Gozag.
  7999 | D:7      | Noticed mojasp's ghost (novice OpSh)
  8057 | D:8      | Noticed Maurice
  8115 | D:8      | Reached skill level 7 in Stealth
  8121 | D:8      | Maurice stole a ring of fire
  8122 | D:8      | Killed Maurice
  8133 | D:8      | Found a staircase to the Lair.
  8149 | D:8      | Noticed Joseph
  8170 | D:8      | Killed Joseph
  8171 | D:8      | Gained mutation: You sometimes gain power by taking damage.
                  | [demonic ancestry]
  8171 | D:8      | Reached XP level 10. HP: 63/63 MP: 20/20
  8318 | D:8      | Lost mutation: A frigid envelope surrounds you and freezes
                  | all who hurt you. [Jiyva's grace]
  8318 | D:8      | Gained mutation: You are partially covered in large bone
                  | plates. (SH +4) [Jiyva's grace]
  8318 | D:8      | Gained mutation: You are mostly covered in large bone
                  | plates. (SH +6) [Jiyva's grace]
  8318 | D:8      | Gained mutation: You are completely covered in large bone
                  | plates. (SH +8) [Jiyva's grace]
  8318 | D:8      | Gained mutation: You are strong-willed. (Will+) [Jiyva's
                  | grace]
  8441 | D:8      | Reached ***** piety under Jiyva
  8927 | D:8      | Found a staircase to the Lair.
  9417 | D:9      | Identified the +6 dagger "Ruaser" {antimagic, rF+ Int+4
                  | SInv}
  9420 | D:9      | Identified the +2 cloak of the Morning {Dex+3}
  9477 | D:9      | Noticed Grum
  9489 | D:9      | Killed Grum
  9569 | D:9      | Reached skill level 1 in Fighting
  9679 | D:9      | Your ally Grum died
 10155 | D:9      | Found an ornate altar of the Wu Jian Council.
 10155 | D:9      | Found a stormy altar of Qazlal.
 10155 | D:9      | Found a basalt altar of Yredelemnul.
 10184 | D:10     | Entered Level 10 of the Dungeon
 10299 | D:10     | Found a staircase to the Orcish Mines.
 10343 | D:10     | Reached ****** piety under Jiyva
 10602 | D:10     | Noticed a two-headed ogre
 10896 | D:11     | Reached skill level 8 in Stealth
 10917 | D:11     | Noticed a boulder beetle
 10932 | D:11     | Killed a boulder beetle
 10962 | D:11     | Reached XP level 11. HP: 67/74 MP: 8/22
 10999 | D:11     | Reached skill level 5 in Short Blades
 11085 | D:11     | Lost mutation: You have acidic saliva. [Jiyva's grace]
 11085 | D:11     | Gained mutation: Your body has grown eyes which may confuse
                  | attackers. (Acc +3) [Jiyva's grace]
 11085 | D:11     | Gained mutation: Your body has grown many eyes which may
                  | confuse attackers. (Acc +5) [Jiyva's grace]
 11085 | D:11     | Gained mutation: Your body is covered in eyes which may
                  | confuse attackers. (Acc +7, SInv) [Jiyva's grace]
 11085 | D:11     | Gained mutation: You are somewhat resistant to further
                  | mutation. [Jiyva's grace]
 11198 | D:11     | Reached skill level 10 in Necromancy
 11226 | D:11     | Noticed a two-headed ogre
 11237 | D:11     | Killed a two-headed ogre
 11342 | D:11     | Noticed Lodul
 11372 | D:11     | Killed Lodul
 11375 | D:11     | Your ally Lodul died
 11591 | D:11     | Reached skill level 9 in Stealth
 11719 | Lair:1   | Entered Level 1 of the Lair of Beasts
 11825 | Lair:1   | Reached skill level 5 in Fighting
 11957 | Lair:1   | Reached XP level 12. HP: 70/86 MP: 11/24
 12599 | Lair:2   | Learned a level 2 spell: Poisonous Vapours
 12604 | Lair:2   | Learned a level 4 spell: Olgreb's Toxic Radiance
 12660 | Lair:2   | Noticed an eight-headed hydra
 12754 | Lair:2   | Lost mutation: Your system is resistant to poisons. (rPois)
                  | [Jiyva's grace]
 12754 | Lair:2   | Gained mutation: Armour fits poorly on your pseudopods.
                  | [Jiyva's grace]
 12754 | Lair:2   | Gained mutation: Armour fits poorly on your large
                  | pseudopods. [Jiyva's grace]
 12754 | Lair:2   | Gained mutation: Armour fits poorly on your massive
                  | pseudopods. [Jiyva's grace]
 12754 | Lair:2   | Lost mutation: You are somewhat resistant to further
                  | mutation. [Jiyva's grace]
 12754 | Lair:2   | Gained mutation: You have hidden genetic potential.
                  | [Jiyva's grace]
 12882 | Lair:2   | Reached skill level 1 in Poison Magic
 12922 | Lair:2   | Found the +2 cloak of the Thief {*Fog Slay-2 SInv Stlth+}
 13164 | Lair:2   | Killed an eight-headed hydra
 14095 | Lair:3   | Found a staircase to the Shoals.
 14143 | Lair:3   | Reached skill level 10 in Stealth
 14292 | Lair:3   | Found a hole to the Spider Nest.
 14331 | Lair:3   | Reached XP level 13. HP: 81/95 MP: 8/26
 14728 | Lair:3   | You fall into a shaft and drop 1 floor!
 14728 | Lair:4   | Lost mutation: You are completely covered in large bone
                  | plates. (SH +8) [Jiyva's grace]
 14728 | Lair:4   | Lost mutation: Your body is covered in eyes which may
                  | confuse attackers. (Acc +7, SInv) [Jiyva's grace]
 14728 | Lair:4   | Lost mutation: Armour fits poorly on your massive
                  | pseudopods. [Jiyva's grace]
 14728 | Lair:4   | Lost mutation: You have hidden genetic potential. [Jiyva's
                  | grace]
 14728 | Lair:4   | Lost mutation: You are covered in slimy tendrils that may
                  | disarm your opponents. [Jiyva's grace]
 14728 | Lair:4   | Gained mutation: Your rubbery body absorbs attacks. (AC +1,
                  | EV +1) [Jiyva's grace]
 14728 | Lair:4   | Gained mutation: Your pliable body absorbs attacks. (AC +2,
                  | EV +2) [Jiyva's grace]
 14728 | Lair:4   | Gained mutation: Your gelatinous body deflects attacks. (AC
                  | +3, EV +3) [Jiyva's grace]
 14728 | Lair:4   | Gained mutation: You are highly strong-willed. (Will++)
                  | [Jiyva's grace]
 15461 | Lair:4   | Reached skill level 10 in Dodging
 15665 | Lair:5   | Entered Level 5 of the Lair of Beasts
 15753 | Lair:5   | Reached skill level 10 in Spellcasting
 15772 | Lair:5   | Reached skill level 5 in Poison Magic
 15818 | Lair:5   | Reached skill level 11 in Stealth
 15843 | Lair:5   | Identified the +0 robe of Dim Light {rElec rPois rF- Int+2}
 15891 | Lair:5   | Reached XP level 14. HP: 100/105 MP: 12/28
 16045 | Lair:5   | Lost mutation: You are mostly covered in large bone plates.
                  | (SH +6) [Jiyva's grace]
 16045 | Lair:5   | Lost mutation: You are partially covered in large bone
                  | plates. (SH +4) [Jiyva's grace]
 16045 | Lair:5   | Lost mutation: You are highly strong-willed. (Will++)
                  | [Jiyva's grace]
 16045 | Lair:5   | Lost mutation: Your gelatinous body deflects attacks. (AC
                  | +3, EV +3) [Jiyva's grace]
 16045 | Lair:5   | Lost mutation: Your pliable body absorbs attacks. (AC +2,
                  | EV +2) [Jiyva's grace]
 16045 | Lair:5   | Lost mutation: Armour fits poorly on your large pseudopods.
                  | [Jiyva's grace]
 16045 | Lair:5   | Gained mutation: Armour fits poorly on your large
                  | pseudopods. [Jiyva's grace]
 16045 | Lair:5   | Gained mutation: Armour fits poorly on your massive
                  | pseudopods. [Jiyva's grace]
 16045 | Lair:5   | Gained mutation: You have acidic saliva. [Jiyva's grace]
 16045 | Lair:5   | Gained mutation: You are robust. (+10% HP) [Jiyva's grace]
 16066 | Lair:5   | Found a viscous altar of Jiyva.
 16077 | Lair:5   | Found a staircase to the Slime Pits.
 16194 | Lair:5   | Learned a level 2 spell: Blink
 16660 | Vaults:5 | Identified the "Ulahen"
 16660 | Crypt:3  | Identified the "Lehenn"
 16660 | Elf:1    | Identified the "Botoemao"
 16660 | Elf:3    | Identified the of Adoycs
 16660 | Slime:1  | Entered Level 1 of the Pits of Slime
 16660 | Slime:1  | Noticed an azure jelly
 16660 | Slime:1  | Noticed a quicksilver ooze
 16678 | Slime:1  | Found a viscous altar of Jiyva.
 16679 | Slime:1  | Noticed an acid blob
 16722 | Slime:1  | Noticed a quicksilver ooze
 16846 | Slime:2  | Noticed an acid blob
 16971 | Slime:3  | Noticed an acid blob
 16971 | Slime:3  | Noticed a rockslime
 16993 | Slime:3  | Noticed a quicksilver ooze
 17019 | Slime:3  | Noticed an acid blob
 17028 | Slime:3  | Noticed an acid blob
 17030 | Slime:3  | Noticed an azure jelly
 17109 | Slime:3  | Noticed an acid blob
 17127 | Slime:3  | Noticed an acid blob
 17185 | Slime:4  | Noticed an acid blob
 17187 | Slime:4  | Noticed a rockslime
 17198 | Slime:4  | Noticed an acid blob
 17199 | Slime:4  | Noticed an azure jelly
 17374 | Slime:5  | Identified the "Xiroc"
 17374 | Slime:5  | Identified the "Odyf"
 17374 | Slime:5  | Identified the "Kiolen"
 17374 | Slime:5  | Entered Level 5 of the Pits of Slime
 17375 | Slime:5  | Noticed a rockslime
 17379 | Slime:5  | Noticed a formless jellyfish
 17387 | Slime:5  | Noticed a rockslime
 17440 | Slime:5  | Noticed a formless jellyfish
 17440 | Slime:5  | Noticed a formless jellyfish
 17473 | Slime:5  | Noticed the Royal Jelly
 17477 | Slime:5  | Found a viscous altar of Jiyva.
 17484 | Slime:5  | Identified the +7 mace of the Feather {antimagic, +Blink}
 17489 | Slime:5  | Identified the +2 mace "Qamn" {heavy, rPois Str+2 Int-2
                  | Stlth+}
 17494 | Slime:5  | Noticed an acid blob
 17495 | Slime:5  | Identified the +4 pair of boots of Vexation {rC- Slay+5
                  | SInv}
 17503 | Slime:5  | Noticed a quicksilver ooze
 17509 | Slime:5  | Noticed an acid blob
 17517 | Slime:5  | Identified the +1 quarterstaff of the Hero {vamp, rPois
                  | Will+ Str+3 Stlth+}
 17525 | Slime:5  | Noticed an acid blob
 17529 | Slime:5  | Identified the +6 fire dragon scales "Feadeo" {Rampage
                  | rElec rF++ rC- rN++ Int-4 Stlth+}
 17540 | Slime:5  | Noticed a formless jellyfish
 17550 | Slime:5  | Got a slimy rune of Zot
 17612 | Slime:5  | Noticed an acid blob
 17614 | Slime:5  | Noticed a quicksilver ooze
 17750 | Slime:5  | Noticed an acid blob
 17751 | Slime:5  | Noticed an azure jelly
 17932 | Slime:5  | Noticed a quicksilver ooze
 17954 | Slime:5  | Noticed a quicksilver ooze
 18121 | Slime:5  | Noticed a rockslime
 18488 | Orc:1    | Entered Level 1 of the Orcish Mines
 18546 | Orc:1    | Noticed Fannar
 18591 | Orc:1    | Killed Fannar
 19158 | Orc:2    | Entered Level 2 of the Orcish Mines
 19267 | Orc:2    | Reached skill level 12 in Stealth
 19285 | Orc:2    | Found Ochom's General Store.
 19285 | Orc:2    | Found Syaph's Book Shoppe.
 19286 | Orc:2    | Found Obijyumn's Book Shoppe.
 19286 | Orc:2    | Found Kitsis's Book Shop.
 19299 | Orc:2    | Bought a scroll of identify for 32 gold pieces
 19303 | Orc:2    | Bought a book of Death for 660 gold pieces
 19326 | Orc:2    | Learned a level 7 spell: Haunt
 19378 | Orc:2    | Found a staircase to the Elven Halls.
 19400 | Orc:2    | Lost mutation: You are strong-willed. (Will+) [Jiyva's
                  | grace]
 19400 | Orc:2    | Gained mutation: You have supernaturally acute eyesight.
                  | (SInv) [Jiyva's grace]
 19400 | Orc:2    | Gained mutation: Your mind is acute. (Int +4, Str/Dex -1)
                  | [Jiyva's grace]
 19400 | Orc:2    | Gained mutation: Your mind is very acute. (Int +8, Str/Dex
                  | -2) [Jiyva's grace]
 19400 | Orc:2    | Gained mutation: Your melee attacks may engulf your foes in
                  | ooze. [Jiyva's grace]
 19713 | Orc:2    | Found Syaph's Book Shoppe.
 19713 | Orc:2    | Found Ochom's General Store.
 19714 | Orc:2    | Found Kitsis's Book Shop.
 19714 | Orc:2    | Found Obijyumn's Book Shoppe.
 19983 | Orc:2    | Found a staircase to the Elven Halls.
 20536 | D:12     | Reached skill level 1 in Summonings
 20536 | D:12     | Reached XP level 15. HP: 78/126 MP: 9/29
 20564 | D:12     | Identified the +1 ring mail "Biugez" {-Tele Harm Will++
                  | Dex+2}
 23119 | D:14     | Lost mutation: You have supernaturally acute eyesight.
                  | (SInv) [Jiyva's grace]
 23119 | D:14     | Lost mutation: Your body has grown many eyes which may
                  | confuse attackers. (Acc +5) [Jiyva's grace]
 23119 | D:14     | Gained mutation: You passively map a small area around you.
                  | [Jiyva's grace]
 23119 | D:14     | Gained mutation: You passively map the area around you.
                  | [Jiyva's grace]
 23119 | D:14     | Gained mutation: You passively map a large area around you.
                  | [Jiyva's grace]
 23119 | D:14     | Gained mutation: Your muscles are strong. (Str +4, Int/Dex
                  | -1) [Jiyva's grace]
 23159 | D:14     | Found a gate to the Vaults.
 23196 | D:14     | Reached skill level 10 in Fighting
 23401 | D:14     | Identified the +2 flail "Leibuud" {flame, rCorr Int+3}
 23536 | D:14     | Noticed Louise
 23897 | D:14     | Killed Louise
 24130 | D:14     | Found a gate to the Vaults.
 24699 | D:15     | Entered Level 15 of the Dungeon
 25019 | D:15     | Found a stormy altar of Qazlal.
 25253 | D:15     | Found a staircase to the Depths.
 25474 | D:15     | Identified the +5 long sword of In Flagrante Delicto
                  | {flame, Fly Str-4 Int+3 Dex+4}
 25870 | D:15     | Found a staircase to the Depths.
 26497 | D:15     | Found a stormy altar of Qazlal.
 26851 | Depths:1 | Entered Level 1 of the Depths
 26940 | Depths:1 | HP: 2/126 [shadow dragon simulacrum[a necromancer] (18)]
 26993 | Depths:1 | Reached skill level 10 in Short Blades
 27103 | Depths:1 | Found a hazy altar of Hepliaklqana.
 27134 | Depths:1 | Reached skill level 13 in Stealth
 27191 | Depths:1 | Slain by a white very ugly thing

Illustrated notes

Levels and vault maps discovered:
D:1:      onia_arrival_mini_spirals, layout_basic
D:2:      layout_basic, basic_altar
D:3:      layout_loops_ring, mainiacjoe_overflow_two_lobes,
          basic_ecumenical_altar, minmay_misc_feat_x, uniq_sigmund
D:4:      layout_cave_pools, nicolae_ashenzari_skybound,
          minmay_temple_entry_sparse_star, serial_bayou, serial_bayou_pond_d,
          serial_bayou_lagoon_b, serial_bayou_lagoon_a, serial_bayou_shore_a,
          serial_shops, shop, st_stairs_8
D:5:      layout_layer_cave, enter_ossuary_1, grunt_decor_junction,
          nicolae_houndstooth_variations
D:6:      layout_basic
D:7:      layout_basic, ebering_ghost_gozag, st_stairs_13
D:8:      layout_basic, minmay_lair_entry_grove, uniq_maurice, uniq_joseph
D:9:      layout_roguey, gammafunk_temple_overflow_forgotten, uniq_grum
D:10:     layout_roguey, orc_0_dummy
D:11:     layout_basic, kennysheep_dice, uniq_lodul
D:12:     layout_cave_pods
D:13:     layout_basic
D:14:     layout_basic, erik_vaults_2, nicolae_kite_square_tiling_tiny,
          bh_walls_and_bars, uniq_louise
D:15:     hangedman_depths_entry_try_elsewhere_first, layout_loops_ring,
          serial_co_window_serial, co_window_paths_a, co_window_corner_a,
          co_window_paths_a, co_window_paths_b, co_window_of_opportunity_a,
          co_window_of_opportunity_c, co_window_of_opportunity_c,
          co_window_2corner, co_window_corner_b, co_window_unsneaky_path_b,
          co_window_2corner, co_window_4corner_a, grunt_qazlal_clouds
Lair:1:   layout_loops_ring, infiniplex_staircase_pool_2
Lair:2:   layout_chaotic_city
Lair:3:   layout_gridlike, elwin_shoals_entry_stream, spider_nest_entry_rubble,
          basic_altar, minmay_hedge_maze, dreamdust_gnoll_shepherd,
          grunt_megastairs_5
Lair:4:   dragon1_lemuel, layout_long_grid, nicolae_lair_yak_garden
Lair:5:   minmay_lair_end_frog_pond, layout_regular_city,
          minmay_slime_entry_pillars, minivault_23
Slime:1:  layout_caves, basic_altar
Slime:2:  layout_caves
Slime:3:  layout_caves, cheibrodos_slime_lost_civilization_7
Slime:4:  layout_caves
Slime:5:  slime_pit_nicolae_block_by_block
Orc:1:    layout_diamond_mine, uniq_fannar
Orc:2:    st_orc_ogre_mass, layout_caves
Depths:1: layout_gridlike, abyss_entry, lightli_too_deep, fedhas_altar_4,
          worldfamousw_hep_ancestral_shrine

Skill      XL: |  1  2  3  4  5  6  7  8  9 10 11 12 13 14 15 |
---------------+----------------------------------------------+-----
Stealth        | 2 3 4 5 6 7 8 9 10 11 12 13 | 13.0
Dodging        | 2 3 4 5 6 7 8 9 10 11 12 | 12.0
Necromancy     | 5 6 7 8 9 10 11 12 | 12.0
Spellcasting   | 3 4 5 6 7 8 9 10 | 10.8
Short Blades   | 1 3 4 5 6 7 9 10 | 10.0
Fighting       | 2 5 6 8 9 10 | 10.0
Poison Magic   | 3 5 7 8 |  8.9
Summonings     | 1 4 |  4.6

Action                     |  1- 3 |  4- 6 |  7- 9 | 10-12 | 13-15 || total
---------------------------+-------+-------+-------+-------+-------++-------
  Melee: Unarmed           |    19 |       |       |       |       ||    19
         Punch             |     2 |       |       |       |       ||     2
         Whip              |    34 |       |       |       |       ||    34
         Dagger            |    18 |   277 |    24 |   393 |   849 ||  1561
         Short sword       |       |       |    30 |       |       ||    30
         Bite              |       |       |     9 |    27 |   153 ||   189
         Pseudopods        |       |       |       |    43 |   336 ||   379
         Long sword        |       |       |       |       |    42 ||    42
   Cast: Necrotise         |    71 |    66 |    80 |   128 |       ||   345
         Vampiric Draining |       |    10 |    45 |   106 |    37 ||   198
         Animate Dead      |       |       |     6 |    22 |    19 ||    47
         Agony             |       |       |       |     5 |    11 ||    16
         Poisonous Vapours |       |       |       |     6 |    14 ||    20
         Olgreb's Toxic Ra |       |       |       |       |    66 ||    66
         Blink             |       |       |       |       |     2 ||     2
         Sublimation of Bl |       |       |       |       |     1 ||     1
 Invoke: Oozemancy         |       |     1 |       |     3 |       ||     4
    Use: Scroll            |       |     5 |     3 |     3 |     6 ||    17
         Potion            |       |     1 |       |       |       ||     1
   Stab: Sleeping          |     2 |     1 |     1 |     1 |     3 ||     8
         Distracted        |       |       |     1 |     3 |    11 ||    15
         Confused          |       |       |       |    15 |    17 ||    32
 Armour: Robe              |    49 |   127 |    83 |   206 |    74 ||   539
         Troll leather arm |       |       |       |       |   406 ||   406
  Dodge: Dodged            |    79 |   166 |    91 |   310 |   700 ||  1346
  Block: Orb               |       |       |       |   176 |    75 ||   251

Table legend: (Time is in decaauts)
 A = Elapsed time spent in this place.
 B = Non-inter-level travel time spent in this place.
 C = Inter-level travel time spent in this place.
 D = Time resting spent in this place.
 E = Time spent auto-exploring this place.
 F = Levels seen in this place.
 G = Mean time per level.
                   A        B        C        D        E       F      G
               +--------+--------+--------+--------+--------+-----+--------+
         Total |  26822 |  25304 |   1518 |    985 |  19232 |  29 |  924.9 |
       Dungeon |  17761 |  16851 |    910 |    915 |  13109 |  15 | 1184.1 |
          Lair |   4867 |   4563 |    304 |     10 |   3275 |   5 |  973.4 |
    Slime Pits |   1622 |   1449 |    173 |      0 |   1408 |   5 |  324.4 |
  Orcish Mines |   1658 |   1528 |    130 |      6 |   1261 |   2 |  829.0 |
        Depths |    336 |    336 |      0 |     50 |    137 |   1 |  336.0 |
       Ossuary |    576 |    576 |      0 |      4 |     42 |   1 |  576.0 |
               +--------+--------+--------+--------+--------+-----+--------+

Top non-repeatable levels by time:
     D:5: 2452 daAuts
    D:15: 2086 daAuts
    D:13: 1659 daAuts
    D:14: 1538 daAuts
     D:8: 1449 daAuts
  Lair:2: 1386 daAuts
    D:12: 1161 daAuts
     D:1: 1097 daAuts
     D:3: 962 daAuts
   Orc:2: 955 daAuts
  Lair:5: 954 daAuts
  Lair:4: 894 daAuts
     D:6: 894 daAuts
 Slime:5: 881 daAuts
  Lair:1: 867 daAuts
